 Dungeon Crawl Stone Soup version 0.29.1-1-gd02db6906a (webtiles) character file.

Game seed: 16172452564928851898

20527 avis the Severer (level 12, -1/118 HPs)
             Began as a Hill Orc Monk on Sept 28, 2022.
             Was a High Priest of Beogh.
             Killed by divine providence
             ... invoked by a smoke demon
              (11 damage)
             ... on level 2 of the Abyss on Sept 30, 2022.
             The game lasted 02:05:21 (21692 turns).

avis the Severer (Hill Orc Monk)                   Turns: 21692, Time: 02:05:21

Health: -1/118     AC: 10    Str: 25    XL:     12   Next: 80%
Magic:  21/21      EV: 12    Int: 12    God:    Beogh [*****.]
Gold:   229        SH:  6    Dex: 19    Spells: 11/11 levels left

rFire   . . .      SeeInvis .   w - +8 war axe of Slow Death {venom, rPois Int+2}
rCold   . . .      Faith    .   G - +0 buckler
rNeg    . . .      Spirit   .   u - +1 ring mail {rPois}
rPois   +          Reflect  .   q - +0 helmet
rElec   .          Harm     .   j - +0 cloak
rCorr   .          Rampage  .   g - +0 pair of gloves
Will    .....                   U - +0 pair of boots
Stlth   ++........              o - amulet of magic regeneration
HPRegen 0.29/turn               r - +6 ring of dexterity
MPRegen 0.57/turn               F - +6 ring of strength

@: no status effects
A: walk on water
a: Renounce Religion, Smiting, Recall Orcish Followers, Give Item to Named
Follower


You were on level 2 of the Abyss.
You worshipped Beogh.
Beogh was extremely pleased with you.
You visited 3 branches of the dungeon, and saw 14 of its levels.
You visited the Abyss 1 time.

You collected 610 gold pieces.
You spent 381 gold pieces at shops.

Inventory:

Hand Weapons
 a - a +4 broad axe
 b - a +0 hand axe of flaming
 w - the +8 war axe of Slow Death (weapon) {venom, rPois Int+2}
   (You acquired it on level 11 of the Dungeon)

   It poisons the flesh of those it strikes.
   Int:       It affects your intelligence (+2).
   rPois:     It protects you from poison.
Missiles
 v - 5 atropa-tipped darts
 C - 6 boomerangs
 D - 14 poisoned darts (quivered)
 K - a curare-tipped dart
 N - 2 throwing nets
 Q - 3 boomerangs of dispersal
Armour
 g - a +0 pair of gloves (worn)
 j - a +0 cloak (worn)
 q - a +0 helmet (worn)
 u - a +1 ring mail of poison resistance (worn)
 G - a +0 buckler (worn)
 U - a +0 pair of boots (worn)
Jewellery
 o - an amulet of magic regeneration (around neck)
 r - a +6 ring of dexterity (left hand)
 t - a ring of resist corrosion
 z - a ring of protection from cold
 A - a ring of willpower
 F - a +6 ring of strength (right hand)
 H - a ring of ice
 M - a +6 ring of intelligence
Wands
 k - a wand of charming (10)
 B - a wand of mindburst (35)
 E - a wand of flame (6)
Scrolls
 e - a scroll of fear
 l - 5 scrolls of teleportation
 L - 2 scrolls of silence
 P - 2 scrolls of summoning
 S - a scroll of blinking
 T - a scroll of butterflies
 W - 2 scrolls of magic mapping
Potions
 c - 4 potions of ambrosia
 f - a potion of resistance
 s - a potion of flight
 I - 7 potions of curing
 J - 2 potions of brilliance
 O - 5 potions of magic
 R - a potion of might
 V - 2 potions of cancellation


   Skills:
 + Level 14.4 Fighting
 * Level 17.7 Axes
 - Level 3.0 Dodging
 - Level 2.0 Stealth
 - Level 4.0 Shields
 + Level 12.6 Invocations


You had 11 spell levels left.
You didn't know any spells.
Your spell library contained the following spells:

 Spells                   Type           Power      Damage    Failure   Level
 Freeze                   Ice            0%         1d3       56%         1
 Magic Dart               Conj           0%         1d3       56%         1
 Slow                     Hex            0%         N/A       56%         1
 Ensorcelled Hibernation  Hex/Ice        0%         N/A       71%         2
 Passwall                 Tmut/Erth      0%         N/A       71%         2
 Searing Ray              Conj           0%         2d4       71%         2
 Confusing Touch          Hex            0%         N/A       90%         3
 Swiftness                Air            0%         N/A       90%         3
 Tukima's Dance           Hex            0%         N/A       90%         3
 Vampiric Draining        Necr           0%         2d6       90%         3
 Animate Dead             Necr           0%         N/A       100%        4
 Fulminant Prism          Conj/Hex       0%         3d6       100%        4
 Leda's Liquefaction      Hex/Erth       0%         N/A       100%        4
 Passage of Golubria      Tloc           0%         N/A       100%        4
 Summon Ice Beast         Ice/Summ       0%         N/A       100%        4
 Fireball                 Conj/Fire      0%         3d3       100%        5
 Irradiate                Conj/Tmut      0%         3d11      100%        5
 Iskenderun's Battlesphe  Conj           0%         2d6       100%        5
 Lee's Rapid Deconstruct  Erth           0%         3d5*      100%        5
 Summon Mana Viper        Hex/Summ       0%         N/A       100%        5
 Yara's Violent Unravell  Hex/Tmut       0%         3d3       100%        5
 Conjure Ball Lightning   Conj/Air       0%         3x3d6     100%        6
 Iron Shot                Conj/Erth      0%         9d1       100%        6
 Simulacrum               Ice/Necr       0%         N/A       100%        6
 Statue Form              Tmut/Erth      0%         N/A       100%        6
 Haunt                    Necr/Summ      0%         N/A       100%        7
 Monstrous Menagerie      Summ           0%         N/A       100%        7
 Orb of Destruction       Conj           0%         9d5       100%        7
 Spellforged Servitor     Conj/Summ      0%         N/A       100%        7
 Infestation              Necr           0%         N/A       100%        8
 Necromutation            Tmut/Necr      0%         N/A       100%        8


Dungeon Overview and Level Annotations

Branches:
Dungeon (11/15)            Temple (1/1) D:4            Lair (2/5) D:11
 Shoals (0/4) Lair:2          Orc (0/2) D:11
  Snake: Lair:2-3    Spider: Lair:2-3

Altars:
Ashenzari
Cheibriados
Dithmenos
Gozag
Kikubaaqudgha
Nemelex Xobeh
Qazlal
Ru
Sif Muna
Trog
Uskayaw
Vehumet
Wu Jian
Zin
Beogh

Shops:
D:1 !   D:3 :   D:10 (

Annotations:
D:4 3 runed translucent doors, cdecastro's ghost, amateur MeFi
D:9 1 runed translucent door
Lair:1 exclusion: obsidian statue
Lair:2 Sonja


Message History

The large abomination is lightly damaged.
The large abomination hits you.
You hit the large abomination but do no damage.
The large abomination is lightly damaged.
You hit the large abomination but do no damage.
The large abomination is lightly damaged.
You block the large abomination's attack.
Your +0 hand axe of flaming stops flaming.
a - a +4 broad axe (weapon)
You barely miss the large abomination.
The large abomination is lightly damaged.
A large abomination comes into view.
The large abomination barely misses you.
You barely miss the large abomination.
The large abomination is lightly damaged.
You feel clever.
The +8 war axe of Slow Death {venom, rPois Int+2} begins to drip with poison!
w - the +8 war axe of Slow Death (weapon)
{venom, rPois Int+2} You block the large abomination's attack.
You slice the large abomination!!
The large abomination is heavily damaged.
You hit the large abomination.
The large abomination is severely damaged.
You hit the large abomination. The large abomination hits you!!
* * * LOW HITPOINT WARNING * * *
You feel better.
You block the large abomination's attack.
The large abomination hits you!
* * * LOW HITPOINT WARNING * * *
You slash the large abomination!
The large abomination is moderately damaged.
You hit the large abomination but do no damage.
A Hell Sentinel comes into view.
The Hell Sentinel roars!
You hear a roar!
A smoke demon comes into view.
You slice the large abomination!!
The large abomination is severely damaged.
The smoke demon gestures at you. Something smites you!
You die...

. #.....
. # .#3.
. # #...
.. . ...
.. ##.#
. .
#.1## ..
.##
##..## #
##XX.##
. .
.#@#.#.#
#. .
#ยง..#
#.# ..
##...##
# #
..####
#. #.. #
### ##


You could see a Hell Sentinel, 2 large abominations and a smoke demon.

Vanquished Creatures
  A thrashing horror (Abyss:2)
  A manticore (Lair:2)
  A black mamba (Lair:1)
  Maurice (D:9)
  An apocalypse crab (Abyss:2)
  3 cane toads
  3 komodo dragons
  2 rime drakes
  4 blink frogs
  A troll (D:11)
  A hornet (D:10)
  Prince Ribbit (D:9)
  A jumping spider (Lair:2)
  A shadow (D:9)
  A vampire (D:10)
  2 wyverns
  2 wraiths (D:11)
  17 yaks
  2 redbacks (Lair:2)
  2 steam dragons (D:8)
  7 water moccasins
  Duvessa (D:7)
  2 black bears
  3 ice beasts
  3 ogres
  A small abomination (Abyss:2)
  3 centaurs
  3 phantoms (D:5)
  A kobold brigand (D:9)
  A bullfrog (D:6)
  A gnoll sergeant (D:9)
  A necrophage (D:6)
  11 wights
  Dowan (D:7)
  4 killer bees
  5 howler monkeys
  5 starcursed masses (Abyss:2)
  A jelly (D:6)
  A hound (D:5)
  3 orc priests
  Crazy Yiuf (D:5)
  7 orc wizards
  3 iguanas
  Robin (D:2)
  9 adders
  13 gnolls
  2 shadow imps
  A white imp (D:6)
  3 ufetubi
  6 dart slugs
  25 orcs
  6 ball pythons
  2 endoplasms
  6 giant cockroaches
  14 goblins
  13 hobgoblins
  10 jackals
  5 quokkas
  4 bats
  4 frilled lizards
  6 kobolds
  3 rats
250 creatures vanquished.

Vanquished Creatures (collateral kills)
  2 hydras (Lair:1)
  Erolcha (D:9)
  2 two-headed ogres
  Nergalle (D:11)
  2 gargoyles (D:11)
  A komodo dragon (Lair:1)
  A wind drake (Lair:2)
  2 trolls
  A hornet (D:10)
  3 blink frogs (Lair:1)
  A wyvern (Lair:2)
  A basilisk (Lair:2)
  19 yaks
  A steam dragon (D:9)
  2 vampire mosquitoes (D:11)
  An acid dragon (D:11)
  4 water moccasins
  A black bear (D:8)
  3 orc warriors
  A centaur (D:10)
  2 bullfrogs
  A wight (D:8)
  2 killer bees (D:11)
  3 orc wizards
  7 orcs
  2 goblins (D:7)
  3 kobolds
70 creatures vanquished.

Vanquished Creatures (others)
  An orc warrior (D:8)
  An orc wizard (D:9)
  10 orcs
  7 fungi
  9 plants
28 creatures vanquished.

Grand Total: 348 creatures vanquished

Notes
Turn   | Place    | Note
-------+----------+-------------------------------------------
     0 | D:1      | avis the Hill Orc Monk began the quest for the Orb.
     0 | D:1      | Reached XP level 1. HP: 19/19 MP: 1/1
   140 | D:1      | Found Ceorph's Distillery.
   150 | D:1      | Bought a potion of degeneration for 13 gold pieces
   175 | D:1      | Reached XP level 2. HP: 26/26 MP: 2/2
   404 | D:1      | Reached skill level 5 in Axes
   494 | D:1      | Found a faded altar of an unknown god.
   844 | D:2      | Reached XP level 3. HP: 28/31 MP: 3/3
  1086 | D:2      | Found a radiant altar of Vehumet.
  1185 | D:2      | Reached skill level 6 in Axes
  1406 | D:3      | Noticed Robin
  1423 | D:2      | Reached XP level 4. HP: 19/40 MP: 4/4
  1424 | D:2      | Killed Robin
  2002 | D:3      | Found an ancient bone altar of Kikubaaqudgha.
  2020 | D:3      | Got Kedo's Parchment of Firn and Transmogrification
  2196 | D:3      | Found Boaxt's Vocational Training.
  2309 | D:3      | Reached XP level 5. HP: 46/46 MP: 5/5
  2320 | D:3      | Reached skill level 7 in Axes
  2428 | D:3      | Found a snail-covered altar of Cheibriados.
  2667 | D:1      | Bought a potion of heal wounds for 65 gold pieces
  2860 | D:3      | Found a shimmering blue altar of Sif Muna.
  2870 | D:3      | Found a sacrificial altar of Ru.
  2873 | D:3      | Found a stormy altar of Qazlal.
  3174 | D:3      | Reached XP level 6. HP: 51/53 MP: 6/6
  3327 | D:4      | Reached skill level 8 in Axes
  3331 | D:4      | Found a staircase to the Ecumenical Temple.
  3386 | D:4      | Noticed a black bear
  3430 | D:4      | Killed a black bear
  3431 | D:4      | Reached skill level 5 in Fighting
  3710 | D:4      | Found a runed translucent gate.
  3710 | D:4      | Noticed cdecastro's ghost (amateur MeFi)
  3711 | D:4      | Found a runed translucent gate.
  3712 | D:4      | Found a runed translucent gate.
  3712 | D:4      | Found a roughly hewn altar of Beogh.
  3715 | D:4      | Identified the +0 scale mail of Words of Power {MP+9 Dex+3}
  4037 | D:4      | Found Zin's Purification Station.
  4040 | D:4      | Found a glowing silver altar of Zin.
  4070 | D:4      | Found a hide-covered altar of Uskayaw.
  4155 | D:5      | Entered Level 5 of the Dungeon
  4155 | D:5      | Noticed an ice beast
  4168 | D:4      | Killed an ice beast
  4169 | D:4      | Reached skill level 9 in Axes
  4169 | D:4      | Reached XP level 7. HP: 42/62 MP: 7/7
  4365 | D:5      | Reached skill level 10 in Axes
  4538 | D:5      | Became a worshipper of Beogh the Brigand
  4538 | D:5      | Reached * piety under Beogh
  4538 | D:5      | Reached ** piety under Beogh
  4602 | D:5      | Reached skill level 1 in Invocations
  4602 | D:5      | Reached XP level 8. HP: 67/71 MP: 8/8
  5095 | D:5      | Reached skill level 11 in Axes
  5526 | D:5      | Found a runed translucent door.
  5527 | D:5      | Noticed Crazy Yiuf
  5533 | D:5      | Killed Crazy Yiuf
  5641 | D:4      | Bought a potion of curing for 90 gold pieces
  5786 | D:6      | Found a shadowy altar of Dithmenos.
  5926 | D:6      | Noticed a yak
  5926 | D:6      | Noticed a yak
  5927 | D:6      | Noticed a yak
  5936 | D:6      | Killed a yak
  5948 | D:6      | Killed a yak
  5962 | D:6      | Killed a yak
  5963 | D:6      | Reached skill level 12 in Axes
  5963 | D:6      | Reached XP level 9. HP: 16/81 MP: 10/12
  6434 | D:6      | Reached skill level 5 in Invocations
  6517 | D:6      | Reached skill level 13 in Axes
  7305 | D:1      | Bought a potion of attraction for 39 gold pieces
  7382 | Temple   | Entered the Ecumenical Temple
  7558 | D:7      | Reached *** piety under Beogh
  7682 | D:7      | Noticed Duvessa
  7685 | D:7      | Noticed Dowan
  7694 | D:7      | Killed Duvessa
  7710 | D:7      | Killed Dowan
  7990 | D:7      | Found an ornate altar of the Wu Jian Council.
  8858 | D:7      | Found a broken altar of Ashenzari.
  9976 | D:8      | Reached skill level 14 in Axes
 10243 | D:8      | Reached XP level 10. HP: 68/87 MP: 15/15
 10445 | D:8      | Noticed a two-headed ogre
 10454 | D:8      | Killed a two-headed ogre
 10455 | D:8      | Reached skill level 10 in Fighting
 11402 | D:1      | Bought a potion of resistance for 130 gold pieces
 11571 | D:9      | Noticed Maurice
 12046 | D:9      | Killed Maurice
 12260 | D:9      | Noticed Erolcha
 12266 | D:9      | Reached **** piety under Beogh
 12273 | D:9      | Killed Erolcha
 12581 | D:9      | Found a runed translucent door.
 12599 | D:9      | Noticed a centaur warrior
 13262 | D:9      | Noticed Prince Ribbit
 13273 | D:9      | Killed Prince Ribbit
 13301 | D:9      | Reached XP level 11. HP: 103/104 MP: 18/18
 13635 | D:9      | Found an opulent altar of Gozag.
 13635 | D:9      | Found a sparkling altar of Nemelex Xobeh.
 13820 | D:9      | Noticed a death knight
 14107 | D:10     | Entered Level 10 of the Dungeon
 14221 | D:10     | Reached skill level 1 in Shields
 14644 | D:10     | Found a bloodstained altar of Trog.
 14670 | D:10     | Found Vas Ymij's Weapon Emporium.
 14698 | D:10     | Bought a +0 broad axe for 44 gold pieces
 15021 | D:10     | Reached skill level 10 in Invocations
 16268 | D:11     | Noticed a two-headed ogre
 16274 | D:11     | Killed a two-headed ogre
 16717 | D:11     | Found a staircase to the Orcish Mines.
 16862 | D:11     | Found a staircase to the Lair.
 17305 | D:11     | Reached skill level 15 in Axes
 17657 | D:11     | Noticed Nergalle
 17669 | D:11     | Killed Nergalle
 17754 | Lair:1   | Entered Level 1 of the Lair of Beasts
 17754 | Lair:1   | Noticed a seven-headed hydra
 17756 | Lair:1   | Noticed a seven-headed hydra
 17766 | Lair:1   | Killed a seven-headed hydra
 17766 | Lair:1   | Killed a three-headed hydra
 17771 | Lair:1   | Gained Blodwig as an ally
 17890 | Lair:1   | Reached XP level 12. HP: 52/115 MP: 20/20
 17900 | Lair:1   | Gained Berold as an ally
 18180 | Lair:1   | Reached skill level 16 in Axes
 18435 | Lair:1   | Identified the +9 falchion of Twilight {flame, rElec Str+7}
 18476 | Lair:1   | Found an opulent altar of Gozag.
 19630 | D:11     | Identified a scroll of acquirement
 19630 | D:11     | Acquired the +8 war axe of Slow Death {venom, rPois Int+2}
 19751 | Lair:2   | Found a staircase to the Shoals.
 20091 | Lair:2   | Gained Morun as an ally
 20560 | Lair:2   | Identified the +12 war axe "Widowermaker" {holy, rElec
                  | Int+2}
 20659 | Lair:2   | Reached skill level 17 in Axes
 20676 | Lair:2   | Reached ***** piety under Beogh
 20940 | Lair:2   | Noticed Sonja
 20950 | Abyss:2  | Cast into level 2 of the Abyss (Sonja)
 21518 | Abyss:2  | Noticed a thrashing horror
 21547 | Abyss:2  | Noticed a starcursed mass
 21554 | Abyss:2  | Noticed a thrashing horror
 21560 | Abyss:2  | Killed a thrashing horror
 21581 | Abyss:2  | Killed a starcursed mass
 21690 | Abyss:2  | Noticed a Hell Sentinel
 21692 | Abyss:2  | Killed from afar by a smoke demon

Illustrated notes

Levels and vault maps discovered:
D:1:      minmay_arrival_cross, layout_basic, serial_shops,
          nicolae_shop_hallway_plus, ebering_ecumenical_altar_hall,
          minmay_misc_feat_encased
D:2:      minmay_angry_zag, layout_rooms, basic_altar
D:3:      layout_basic, mainiacjoe_overflow_boulevard,
          minmay_overflow_temple_star_quad, mainiacjoe_overflow_alcove_1,
          minmay_misc_feat_four_crosses, dreamdust_mushroom_princess,
          nicolae_shop_vocational, uniq_robin
D:4:      layout_rooms, zin_purify, nicolae_uskayaw_suspiria,
          minmay_temple_entry_nine_rooms, biasface_ghost_orc_armoury,
          reono_crystal_passage, st_stairs_8
D:5:      layout_layer_cave, amcnicky_mini_corridor_feature, grunt_ministairs_2,
          minmay_fractal_squares_diagonal_5, uniq_crazy_yiuf_cottage
D:6:      layout_basic, nicolae_dithmenos_shadow_blocks
D:7:      corexii_shantytown, layout_loops_corners,
          ashenzari_conservatory_becter, old_standard_altar, st_stairs_10,
          solitary_fountain, uniq_duvessa
D:8:      layout_gridville
D:9:      layout_irregular_city, grunt_temple_overflow_opulence, wad_hexagon,
          uniq_maurice, uniq_prince_ribbit1, uniq_erolcha
D:10:     layout_layer_cave, trog_book, serial_shops,
          nicolae_shop_bloodbath_and_beyond
D:11:     layout_layer_cave, lair_entry_dummy, orc_0_dummy,
          minmay_misc_feat_room, hangedman_abyss_or_decor_clamps, st_stairs_11,
          uniq_nergalle
Temple:   grunt_temple_mini_profane
Lair:1:   statuecave_lemuel, layout_layer_cave, lemuel_altar_in_water2
Lair:2:   dragon1_lemuel, layout_loops_ring, minmay_shoals_entry_beasts,
          spider_nest_entry_funnel_web, uniq_sonja
Abyss:2:  base: D:9, base:
D:11

Skill      XL: |  1  2  3  4  5  6  7  8  9 10 11 12 |
---------------+-------------------------------------+-----
Axes           | 5 6 7 9 10 12 14 15 17 | 17.7
Fighting       | 4 5 6 7 9 12 13 14 | 14.4
Invocations    | 1 4 7 9 11 12 | 12.6
Stealth        | 2 |  2.0
Dodging        | 3 |  3.0
Shields        | 4 |  4.0

Action                   |  1- 3 |  4- 6 |  7- 9 | 10-12 || total
-------------------------+-------+-------+-------+-------++-------
Melee: Hand axe          |   107 |   192 |   386 |   162 ||   847
       Punch             |     1 |     3 |     6 |     3 ||    13
       Broad axe         |       |       |       |   113 ||   113
       War axe           |       |       |       |    68 ||    68
Throw: Dart              |       |       |     4 |     1 ||     5
Invok: Convert to Beogh  |       |       |     1 |       ||     1
       Recall Orcish Fol |       |       |       |    13 ||    13
       Stop Recall       |       |       |       |     6 ||     6
       Smiting           |       |       |       |     2 ||     2
       Give Item to Name |       |       |       |     3 ||     3
Evoke: Wand              |       |       |       |     5 ||     5
  Use: Scroll            |       |     3 |     6 |    17 ||    26
       Potion            |       |       |     3 |     8 ||    11
 Stab: Sleeping          |     1 |       |       |       ||     1
       Distracted        |       |       |       |     5 ||     5
Armor: Robe              |     5 |       |       |       ||     5
       Chain mail        |    71 |   108 |   112 |       ||   291
       Ring mail         |       |       |    25 |    77 ||   102
Dodge: Dodged            |    43 |    51 |   112 |   171 ||   377
Block: Buckler           |       |       |       |    62 ||    62
